 Dungeon Crawl Stone Soup version 0.26-b1-32-g5d43845318 (webtiles) character file.

Game seed: 12637832916481552483

140 Borgoz the Cudgeller (level 5, 0/32 HPs)
             Began as a Gargoyle Gladiator on Jan 12, 2021.
             Slain by an orc priest
             ... wielding a +0 falchion
              (3 damage)
             ... on level 3 of the Dungeon.
             The game lasted 00:02:07 (2087 turns).

Borgoz the Cudgeller (Gargoyle Gladiator)           Turns: 2087, Time: 00:02:08

Health: 0/32       AC: 11    Str: 18    XL:     5   Next: 23%
Magic:  5/5        EV: 12    Int:  9    God:
Gold:   160        SH:  0    Dex: 11    Spells: 4/4 levels left

rFire    . . .     SeeInvis .   a - +0 flail
rCold    . . .     Faith    .   (no shield)
rNeg     + . .     Spirit   .   m - +0 ring mail (curse)
rPois    ∞         Reflect  .   c - +0 helmet
rElec    +         Harm     .   (no cloak)
rCorr    .         Rampage  .   (no gloves)
Will     .....                  g - +0 pair of boots (curse)
Stlth    +.........             (no amulet)
HPRegen  0.10/turn              (no ring)
MPRegen  0.09/turn              (no ring)

@: brilliant
A: negative energy resistance 1, electricity resistance, unbreathing,
petrification resistance, miasma immunity, AC +4
a: no special abilities


You were on level 3 of the Dungeon.
You visited 1 branch of the dungeon, and saw 3 of its levels.

You collected 160 gold pieces.

Inventory:

Hand Weapons
 a - a +0 flail (weapon)
Missiles
 d - 3 throwing nets (quivered)
Armour
 c - a +0 helmet (worn)
 g - a cursed +0 pair of boots (worn)
 m - a cursed +0 ring mail (worn)
Scrolls
 b - 4 scrolls of identify {unknown}
 e - 3 scrolls of teleportation {unknown}
 f - a scroll of immolation {unknown}
 h - 2 scrolls of fog {unknown}
 j - 2 scrolls of remove curse {unknown}
 l - a scroll of amnesia {unknown}
Potions
 i - a potion of curing {unknown}


   Skills:
 + Level 3.2 Fighting
 * Level 4.3 Maces & Flails
 - Level 1.7 Throwing
 + Level 2.0 Armour
 + Level 3.0 Dodging


You had 4 spell levels left.
You didn't know any spells.
Your spell library was empty.

Dungeon Overview and Level Annotations

Branches:
Dungeon (3/15)

Altars:


Innate Abilities, Weirdness & Mutations

You are resistant to torment.
Your stone body is resilient. (AC +4)
You are immune to poison.
You resist negative energy. (rN+)
You are resistant to electric shocks. (rElec)
You can survive without breathing.
You are immune to petrification.
You are immune to miasma.


Message History

You sock the orc priest!
The orc priest is severely wounded.
The orc wizard gestures wildly while chanting.
The orc wizard blinks!
The orc priest invokes the aid of Beogh against you.
Beogh smites you!
* * * LOW HITPOINT WARNING * * *
You are too injured to fight recklessly!
You are too injured to fight recklessly!
You hit the orc priest but do no damage.
The orc priest is severely wounded.
The orc priest hits you with a +0 falchion.
* * * LOW HITPOINT WARNING * * *
It was a potion of magic.
Magic courses through your body.
The orc wizard mumbles some strange words.
The orc wizard blinks!
The orc priest barely misses you.
It was a potion of brilliance.
You feel clever all of a sudden.
The orc priest hits you with a +0 falchion.
You die...

#.# #.
#.# #.
#.# #.
#.# #.
#.# #.
#.# #.
#.#
#.####§#
#o@)...#
#.####.#
## ###


You could see an orc priest.

Vanquished Creatures
  An orc wizard (D:3)
  4 gnolls (D:3)
  An adder (D:2)
  An ooze (D:1)
  A dart slug (D:2)
  A leopard gecko (D:2)
  6 orcs
  6 bats (D:1)
  2 giant cockroaches (D:1)
  7 hobgoblins
  5 kobolds
  2 quokkas
  3 frilled lizards (D:1)
  3 goblins
  7 rats
50 creatures vanquished.

Notes
Turn   | Place    | Note
-------+----------+-------------------------------------------
     0 | D:1      | Borgoz the Gargoyle Gladiator began the quest for the Orb.
     0 | D:1      | Reached XP level 1. HP: 12/12 MP: 1/1
    98 | D:1      | Reached XP level 2. HP: 8/18 MP: 2/2
   307 | D:1      | Reached skill level 1 in Armour
   349 | D:1      | Reached XP level 3. HP: 21/22 MP: 3/3
  1434 | D:2      | Reached XP level 4. HP: 19/27 MP: 4/4
  1711 | D:3      | Reached skill level 4 in Maces & Flails
  2004 | D:3      | Reached XP level 5. HP: 32/32 MP: 5/5
  2087 | D:3      | Slain by an orc priest

Illustrated notes

Levels and vault maps discovered:
D:1:      dpeg_arrival_chambers_temple_mockup, layout_rooms
D:2:      layout_basic
D:3:      layout_basic

Skill      XL: |  1  2  3  4  5 |
---------------+----------------+-----
Armour         | 1 2 |  2.0
Fighting       | 3 |  3.2
Maces & Flails | 4 |  4.3
Dodging        | 3 |  3.0
Throwing       | |  1.7

Action                   |  1- 3 |  4- 6 || total
-------------------------+-------+-------++-------
Melee: Flail             |   116 |    60 ||   176
  Use: Potion            |       |     2 ||     2
Armor: Leather armour    |    57 |       ||    57
       Ring mail         |     9 |    25 ||    34
Dodge: Dodged            |   122 |    33 ||   155
